Map: Ulrena

Players

Miszu - Winner!

  • Race: Terran Terran
  • League: Master

llllllllllll

  • Race: Protoss Protoss
  • League: Master

VOD

Have the link to the VOD?

Description

Time

  • Played on: April 13, 2016, 3:27 p.m.
  • Length: 9:55
Show
View Real Time Build Order
Export as new Build Order

Miszu Terran - Winner!

Build Orders: 1/1/1, Liberator Opening, MMM Bio 

Get SALT Encoding   

  12  0:00  SCV  
  13  0:12  SCV  
  14  0:17  Supply Depot  
  14  0:24  SCV  
  15  0:29  Refinery  
  15  0:39  SCV  
  16  0:45  Barracks  
  16  0:51  SCV  
  17  1:03  SCV  
  18  1:15  SCV  
  19  1:27  SCV  
  20  1:33  Factory, Marine  
  20  1:39  Orbital Command  
  21  1:42  Supply Depot  
  21  1:51  Marine  
  22  2:04  SCV  
  23  2:09  Marine  
  23  2:11  Supply Depot  
  24  2:17  Hellion  
  24  2:18  Starport  
  24  2:19  SCV  
  24  2:22  Refinery  
  27  2:26  Marine  
  28  2:31  SCV  
  29  2:38  Supply Depot  
  29  2:43  Hellion, SCV  
  32  2:44  Marine  
  33  2:55  Medivac, SCV  
  36  3:03  Barracks Reactor  
  36  3:05  Hellion  
  38  3:08  SCV, Liberator  
  41  3:32  SCV  
  42  3:38  Command Center  
  42  3:41  Factory Tech Lab  
  42  3:48  SCV  
  42  4:06  Marine x2  
  42  4:07  Siege Tank  
  47  4:17  SCV  
  47  4:24  Marine x2  
  42  4:30  SCV  
  45  4:35  Barracks  
  45  4:37  Barracks  
  45  4:42  SCV  
  46  4:45  Starport Reactor  
  46  4:46  Supply Depot  
  46  4:50  Siege Tank  
  46  4:52  Bunker  
  49  4:53  Orbital Command  
  49  4:59  SCV  
  48  5:08  Marine x2  
  48  5:11  SCV  
  49  5:26  Marine x2  
  49  5:27  SCV  
  48  5:32  SCV  
  49  5:39  SCV  
  49  5:42  Barracks Tech Lab  
  50  5:44  Marine x2, Barracks Tech Lab, SCV  
  51  5:51  SCV  
  51  5:55  Siege Tank  
  51  5:56  Medivac, SCV  
  58  6:02  Marine x2  
  58  6:03  Stimpack  
  60  6:04  Marine  
  60  6:06  Combat Shields  
  60  6:09  SCV x2  
  63  6:12  Supply Depot  
  63  6:20  Marine  
  63  6:23  SCV  
  63  6:25  SCV  
  64  6:36  SCV  
  64  6:37  SCV  
  65  6:41  Marine x3  
  65  6:42  Marine  
  64  6:48  SCV  
  64  6:49  SCV  
  66  6:59  Marine x4  
  66  7:00  SCV  
  71  7:01  SCV  
  68  7:13  SCV x2  
  69  7:16  Marine  
  69  7:17  Marine x2  
  69  7:18  Marine  
  73  7:23  Siege Tank  
  73  7:25  SCV x2  
  73  7:27  Refinery  
  73  7:28  Refinery  
  78  7:32  Supply Depot  
  78  7:33  Supply Depot  
  78  7:34  Marine x2  
  78  7:35  Marine, Medivac  
  78  7:36  Marine  
  84  7:37  SCV  
  85  7:52  Marine, Command Center  
  85  7:53  Marine, Medivac  
  85  7:57  SCV x2  
  91  8:01  Marine x2  
  93  8:08  Barracks  
  93  8:09  Barracks, SCV x2  
  93  8:10  Marine, Medivac  
  98  8:14  Marine  
  98  8:18  Marine  
  100  8:24  Marauder  
  102  8:31  Marine  
  102  8:42  Marine, Barracks x2  
  102  8:45  Marauder, Barracks  
  102  8:46  Marauder  
  106  8:49  Marine  
  106  8:55  SCV x2  
  109  8:57  Marine  
  109  9:00  Marine  
  107  9:03  Marine  
  107  9:05  Marine  
  107  9:06  Marine  
  107  9:08  Marauder  
  107  9:24  Marauder  
  107  9:29  Marauder  
  106  9:36  Marine x2  
Show
View Real Time Build Order
Export as new Build Order

llllllllllll Protoss 

Build Orders: 1 Gate Expand 

Get SALT Encoding   

  12  0:03  Probe (Chrono Boost)  
  14  0:14  Probe (Chrono Boost)  
  14  0:20  Pylon  
  14  0:25  Probe (Chrono Boost)  
  15  0:38  Probe (Chrono Boost)  
  15  0:39  Gateway  
  16  0:49  Probe (Chrono Boost)  
  17  0:50  Assimilator  
  17  0:59  Probe (Chrono Boost)  
  18  1:10  Probe (Chrono Boost)  
  19  1:21  Probe (Chrono Boost)  
  20  1:26  Nexus  
  20  1:35  Cybernetics Core  
  20  1:37  Probe (Chrono Boost)  
  21  1:46  Assimilator  
  21  1:50  Pylon  
  21  1:53  Probe (Chrono Boost)  
  22  2:04  Probe (Chrono Boost)  
  22  2:07  Warp Gate (Chrono Boost)  
  23  2:12  Stalker  
  23  2:14  Probe (Chrono Boost)  
  26  2:26  Probe  
  27  2:30  Robotics Facility  
  27  2:39  Probe  
  27  2:43  Probe  
  28  2:47  Stalker (Chrono Boost)  
  31  2:51  Probe  
  31  2:57  Probe  
  31  2:58  Gateway  
  33  3:06  Gateway  
  33  3:09  Probe (Chrono Boost)  
  34  3:14  Stalker (Chrono Boost)  
  34  3:16  Mothership Core (Chrono Boost)  
  38  3:21  Observer (Chrono Boost)  
  38  3:26  Pylon  
  39  3:27  Probe  
  40  3:35  Pylon  
  40  3:37  Probe  
  40  3:39  Probe  
  42  3:43  Observer  
  43  3:49  Probe  
  43  3:51  Probe  
  42  4:01  Probe  
  39  4:04  Probe  
  38  4:11  Stalker x2  
  38  4:13  Probe  
  38  4:16  Probe  
  40  4:25  Probe  
  40  4:28  Probe  
  43  4:37  Probe  
  43  4:38  Pylon  
  44  4:41  Probe  
  45  4:46  Warp Prism (Chrono Boost)  
  46  4:55  Stalker  
  48  5:08  Stalker x2  
  42  5:28  Probe  
  42  5:30  Probe  
  42  5:40  Probe (Chrono Boost)  
  39  5:49  Adept x3  
  45  5:51  Probe (Chrono Boost)  
  45  5:53  Probe (Chrono Boost)  
  47  6:01  Probe (Chrono Boost)  
  49  6:04  Probe (Chrono Boost)  
  49  6:12  Probe (Chrono Boost)  
  49  6:14  Probe (Chrono Boost)  
  49  6:16  Adept x3  
  57  6:23  Forge, Probe (Chrono Boost)  
  57  6:25  Probe (Chrono Boost)  
  59  6:33  Probe (Chrono Boost)  
  59  6:35  Probe (Chrono Boost)  
  59  6:38  Adept x2  
  59  6:39  Adept  
  65  6:44  Probe (Chrono Boost)  
  56  6:48  Probe (Chrono Boost)  
  56  6:52  Assimilator x2  
  57  6:54  Probe (Chrono Boost)  
  57  6:56  Twilight Council, Protoss Ground Weapons Level 1  
  57  6:58  Probe (Chrono Boost)  
  59  7:05  Probe (Chrono Boost)  
  56  7:09  Probe (Chrono Boost)  
  56  7:14  Probe (Chrono Boost)  
  56  7:19  Immortal (Chrono Boost), Probe  
  61  7:28  Probe  
  61  7:30  Pylon  
  61  7:34  Nexus  
  61  7:35  Blink (Chrono Boost)  
  62  7:42  Sentry x3  
  62  7:43  Pylon  
  68  7:44  Probe  
  68  7:45  Probe  
  70  7:56  Immortal (Chrono Boost)  
  74  8:10  Gateway x2  
  74  8:15  Adept x2  
  74  8:19  Pylon  
  78  8:32  Gateway  
  78  8:33  Adept, Gateway  
  75  8:39  Adept  
  77  8:48  Stalker  
  77  8:53  Immortal  
  83  8:59  Stalker x2  
  85  9:09  Zealot  
  83  9:10  Zealot  
  83  9:15  Adept  
  85  9:25  Stalker x2  
  85  9:26  Stalker  
  85  9:30  Stalker  
  85  9:31  Stalker x2, Pylon  
  87  9:44  Adept  
  69  9:50  Adept x3  
Tags
 
Add a new tag
Caveats
  • Supply blocks, unpowered buildings, or Contaminate may cause inaccurate times.
  • Supply counts are checked every 10 seconds.